 Dungeon Crawl Stone Soup version 0.28-a0-1447-ga5a8893891 (webtiles) character file.

Game seed: 16481532209777163998

6388 Hasart the Slicer (level 11, -2/64 HPs)
             Began as a Kobold Enchanter on Jan 10, 2022.
             Was a Believer of Uskayaw.
             Slain by a wyvern (12 damage)
             ... on level 9 of the Dungeon on Jan 11, 2022.
             The game lasted 00:20:53 (9684 turns).

Hasart the Slicer (Kobold Enchanter)                Turns: 9684, Time: 00:20:54

Health: -2/64      AC: 11    Str:  5    XL:     11   Next: 17%
Magic:  11/19      EV: 17    Int: 18    God:    Uskayaw [**....]
Gold:   506        SH:  0    Dex: 19    Spells: 13/21 levels left

rFire   . . .      SeeInvis .   p - +0 dagger (venom)
rCold   . . .      Faith    .   B - orb {guile}
rNeg    + . .      Spirit   .   l - +1 leather armour {rPois}
rPois   +          Reflect  .   s - +0 helmet
rElec   .          Harm     .   f - +0 cloak
rCorr   .          Rampage  .   d - +0 pair of gloves
Will    .....                   (no boots)
Stlth   +++++.....              x - amulet of regeneration
HPRegen 1.00/turn               g - +4 ring of protection
MPRegen 0.16/turn               u - ring of positive energy

@: lethally poisoned (-2 -> -29)
A: small, no large weapons, nightstalker 3
a: Renounce Religion, Stomp, Line Pass


You were on level 9 of the Dungeon.
You worshipped Uskayaw.
Uskayaw was noncommittal.
You visited 2 branches of the dungeon, and saw 10 of its levels.

You collected 572 gold pieces.
You spent 66 gold pieces at shops.

Inventory:

Hand Weapons
 a - a +1 dagger
 p - a +0 dagger of venom (weapon)
 D - a +5 long sword
Missiles
 j - 32 poisoned darts (quivered)
Armour
 b - a +0 robe
 d - a +0 pair of gloves (worn)
 f - a +0 cloak (worn)
 l - a +1 leather armour of poison resistance (worn)
 s - a +0 helmet (worn)
 B - an orb of guile (worn)
Jewellery
 g - a +4 ring of protection (left hand)
 u - a ring of positive energy (right hand)
 x - an amulet of regeneration (around neck)
Wands
 w - a wand of mindburst (2)
 y - a wand of iceblast (13)
 C - a wand of flame (20)
Scrolls
 e - 2 scrolls of amnesia
 h - 5 scrolls of teleportation
 q - 9 scrolls of identify
 v - a scroll of enchant weapon {unknown}
 A - a scroll of blinking
Potions
 c - a potion of invisibility
 i - 6 potions of brilliance
 k - 4 potions of flight {unknown}
 m - 3 potions of might {unknown}
 n - 9 potions of curing
 o - 3 potions of mutation
 r - 2 potions of magic {unknown}
 t - 4 potions of haste {unknown}
 z - a potion of lignification {unknown}


   Skills:
 + Level 5.5 Fighting
 * Level 9.7 Short Blades
 - Level 5.0 Throwing
 + Level 6.6 Dodging
 + Level 8.4 Stealth
 + Level 5.5 Spellcasting
 + Level 6.0 Hexes
 + Level 4.8 Ice Magic
 + Level 3.2 Invocations
 + Level 4.5 Evocations


You had 13 spell levels left.
You knew the following spells:

 Your Spells              Type           Power      Damage    Failure   Level
a - Ensorcelled Hibernat  Hex/Ice        48%        N/A       3%          2
b - Confusing Touch       Hex            26%        N/A       5%          3
c - Tukima's Dance        Hex            26%        N/A       5%          3

Your spell library contained the following spells:

 Spells                   Type           Power      Damage    Failure   Level
 Dazzling Flash           Conj/Hex       30%        N/A       19%         3
 Sting                    Tmut/Pois      20%        1d4       22%         1
 Poisonous Vapours        Pois/Air       10%        N/A       32%         2
 Anguish                  Hex/Necr       7%         N/A       52%         4
 Ignite Poison            Fire/Tmut/Pois 5%         N/A       54%         3
 Mephitic Cloud           Conj/Pois/Air  5%         N/A       54%         3
 Spider Form              Tmut/Pois      5%         N/A       54%         3
 Summon Mana Viper        Hex/Summ       15%        N/A       86%         5
 Olgreb's Toxic Radiance  Pois           5%         N/A       91%         4
 Freezing Cloud           Conj/Ice/Air   5%         6-21      96%         5
 Summon Forest            Summ/Tloc      2%         N/A       99%         5
 Summon Cactus Giant      Summ           2%         N/A       100%        6


Dungeon Overview and Level Annotations

Branches:
Dungeon (9/15)             Temple (1/1) D:7
   Lair: D:8-11         Orc: D:9-12

Altars:
Ashenzari
Cheibriados
Dithmenos
Elyvilon
Fedhas
Gozag
Makhleb
Nemelex Xobeh
Okawaru
Qazlal
Trog
Uskayaw
Vehumet
Wu Jian
Xom
Zin
The Shining One

Shops:
D:2 [([


Innate Abilities, Weirdness & Mutations

You are small and have problems with some larger weapons.
You are completely attuned to the shadows.


Message History

Casting: Ensorcelled Hibernation (safe; 3% risk of failure)
Confirm with . or Enter, or press ? or * to list all spells.
Aiming: Ensorcelled Hibernation (safe; 3% risk of failure)
Press: ? - help, Shift-Dir - straight line, f/p - green ugly thing
Aim: a green ugly thing (chance to affect: 72%)
The green ugly thing easily resists.
The cane toad stings you!
You are poisoned.
The cane toad poisons you! The wyvern misses you.
The green ugly thing trunk-slaps you!
You are lethally poisoned!
The green ugly thing poisons you! The cane toad barely misses you.
Unknown command.
Unknown command.
Casting: Ensorcelled Hibernation (safe; 3% risk of failure)
Confirm with . or Enter, or press ? or * to list all spells.
Aiming: Ensorcelled Hibernation (safe; 3% risk of failure)
Press: ? - help, Shift-Dir - straight line, f/p - green ugly thing
Aim: a green ugly thing (chance to affect: 72%)
The green ugly thing looks drowsy...
You feel extremely sick. The wyvern completely misses you.
The cane toad completely misses you. The wyvern closely misses you.
Unknown command.
The helpless green ugly thing fails to defend itself.
You stick the green ugly thing like a pincushion!!!!
You kill the green ugly thing!
* * * LOW HITPOINT WARNING * * *
You feel very sick.
You can now pass through a line of other dancers.
Your Hexes skill increases to level 6!
Casting: Ensorcelled Hibernation (safe; 3% risk of failure)
Confirm with . or Enter, or press ? or * to list all spells.
Aiming: Ensorcelled Hibernation (safe; 3% risk of failure)
Press: ? - help, Shift-Dir - straight line, f - cane toad
Aim: a cane toad (chance to affect: 72%)
The cane toad looks drowsy...
* * * LOW HITPOINT WARNING * * *
You feel extremely sick. The wyvern misses you. The wyvern bites you!
You die...

#..# ### #..# ##..
###+#####+###..# ....
#..#.F##...##..# #...
#.##@.#.#.#.#..####..
+.:l##+.#(#.'......#.
#.[|#.#..#).#........
#.....##.#.##........
###'#####'###........
#)..))#.#.#(#.....†##
#[.[..#.#.#.#......##
+.([†('..#..+.......#
#.)))[#.#.#.#.......#


You could see a cane toad (asleep) and a wyvern.

Vanquished Creatures
  A hydra (D:9)
  A skeletal warrior (D:9)
  An ugly thing (D:9)
  A troll (D:6)
  A wyvern (D:7)
  10 yaks (D:9)
  Eustachio (D:5)
  A black bear (D:6)
  A sky beast (D:6)
  An ogre (D:5)
  A boggart (D:9)
  2 necrophages
  3 centaurs
  3 bullfrogs
  3 gnoll sergeants
  A wyvern zombie (D:7)
  6 killer bees
  10 wights
  5 howler monkeys
  A centaur zombie (D:7)
  2 bullfrog skeletons
  A centaur skeleton (D:7)
  4 orc priests
  2 hounds
  A jelly (D:8)
  6 iguanas
  Jessica (D:2)
  2 orc wizards
  A hound skeleton (D:4)
  2 howler monkey zombies
  Robin (D:4)
  7 gnolls
  A howler monkey skeleton (D:5)
  6 adders
  A shadow imp (D:5)
  2 white imps
  An adder skeleton (D:2)
  2 worms (D:2)
  A dart slug (D:2)
  16 orcs
  2 bats (D:1)
  9 endoplasms
  2 giant cockroaches
  11 goblins
  9 hobgoblins
  4 jackals
  A quokka (D:2)
  4 ball pythons
  4 frilled lizards
  7 kobolds
  9 rats
176 creatures vanquished.

Vanquished Creatures (others)
  6 plants (D:4)
6 creatures vanquished.

Grand Total: 182 creatures vanquished

Notes
Turn   | Place    | Note
-------+----------+-------------------------------------------
     0 | D:1      | Hasart the Kobold Enchanter began the quest for the Orb.
     0 | D:1      | Reached XP level 1. HP: 10/10 MP: 3/3
   512 | D:1      | Reached XP level 2. HP: 15/15 MP: 5/5
   515 | D:1      | Learned a level 2 spell: Ensorcelled Hibernation
   669 | D:1      | Reached skill level 2 in Short Blades
   915 | D:1      | Found a faded altar of an unknown god.
  1216 | D:2      | Reached XP level 3. HP: 18/20 MP: 6/6
  1325 | D:2      | Noticed a necrophage
  1348 | D:3      | Learned a level 3 spell: Confusing Touch
  1533 | D:3      | Found a shimmering altar of Xom.
  1537 | D:3      | Found a blossoming altar of Fedhas.
  1562 | D:3      | Reached skill level 1 in Fighting
  1778 | D:3      | Reached XP level 4. HP: 17/25 MP: 7/7
  2168 | D:2      | Found Yliczus's Antique Weapon Emporium.
  2507 | D:2      | Noticed Jessica
  2510 | D:2      | Killed Jessica
  2511 | D:2      | Reached skill level 3 in Short Blades
  2511 | D:2      | Reached skill level 1 in Throwing
  2549 | D:2      | Found Finlocua's Antique Armour Emporium.
  2564 | D:2      | Reached XP level 5. HP: 29/29 MP: 8/8
  2682 | D:2      | Found Reopagyfia's Armour Shoppe.
  2686 | D:2      | Bought a +0 leather armour of poison resistance for 66 gold
                  | pieces
  2723 | D:2      | Reached skill level 1 in Ice Magic
  3420 | D:4      | Reached XP level 6. HP: 35/35 MP: 10/10
  3423 | D:4      | Noticed Robin
  4046 | D:4      | Killed Robin
  4104 | D:4      | Reached skill level 4 in Short Blades
  4145 | D:4      | Reached skill level 5 in Stealth
  4389 | D:4      | Found a white marble altar of Elyvilon.
  4495 | D:4      | Reached XP level 7. HP: 34/40 MP: 11/11
  4648 | D:4      | Found a glowing silver altar of Zin.
  4788 | D:5      | Entered Level 5 of the Dungeon
  5415 | D:5      | Reached skill level 5 in Short Blades
  5785 | D:5      | Noticed Eustachio
  5789 | D:5      | Killed Eustachio
  5790 | D:5      | Reached XP level 8. HP: 45/45 MP: 9/13
  6262 | D:2      | Learned a level 3 spell: Tukima's Dance
  6401 | D:6      | Found a stormy altar of Qazlal.
  6476 | D:6      | Reached skill level 6 in Short Blades
  7096 | D:7      | Noticed a troll
  7100 | D:6      | Killed a troll
  7101 | D:6      | Reached XP level 9. HP: 52/52 MP: 11/15
  7123 | D:7      | Reached skill level 1 in Evocations
  7191 | D:7      | Reached skill level 7 in Short Blades
  7202 | D:7      | Reached skill level 5 in Dodging
  7612 | D:7      | You fall into a shaft and drop 1 floor!
  8019 | D:7      | Found a staircase to the Ecumenical Temple.
  8040 | D:7      | Reached skill level 5 in Hexes
  8043 | Temple   | Entered the Ecumenical Temple
  8154 | Temple   | Became a worshipper of Uskayaw the Reveller
  8400 | D:7      | Found an ornate altar of the Wu Jian Council.
  8593 | D:8      | Reached * piety under Uskayaw
  8651 | D:8      | Reached ** piety under Uskayaw
  8656 | D:8      | Reached *** piety under Uskayaw
  8657 | D:8      | Reached **** piety under Uskayaw
  8797 | D:8      | Reached skill level 1 in Invocations
  8841 | D:8      | Reached XP level 10. HP: 58/58 MP: 13/17
  8953 | D:8      | Reached skill level 8 in Short Blades
  9110 | D:8      | HP: 2/54 [wight (5)]
  9495 | D:9      | Reached skill level 5 in Spellcasting
  9575 | D:9      | Reached skill level 5 in Fighting
  9581 | D:9      | Reached skill level 5 in Throwing
  9584 | D:9      | Reached skill level 9 in Short Blades
  9633 | D:9      | Noticed a five-headed hydra
  9633 | D:9      | Noticed a skeletal warrior
  9636 | D:9      | Killed a skeletal warrior
  9638 | D:9      | Killed a five-headed hydra
  9639 | D:9      | Reached XP level 11. HP: 53/64 MP: 13/19
  9676 | D:9      | Noticed a green ugly thing
  9683 | D:9      | Killed a green ugly thing
  9684 | D:9      | Slain by a wyvern

Illustrated notes

Levels and vault maps discovered:
D:1:      dpeg_arrival_prison, layout_loops_ring, serial_glass, glass_columns_a,
          glass_columns_c, shapermc_ecumenical_altar_hornbeckon,
          minmay_tetromino_o2
D:2:      layout_loops_corners, serial_shops, nicolae_shop_hallway_plus,
          nicolae_diamond_shop, nicolae_shop_competitors_out_of_business,
          uniq_jessica
D:3:      layout_basic, jmf_multi_god_temple
D:4:      layout_cave_pools, nicolae_elyvilon_temple_path, marbit_many_paths,
          hangedman_decor_clover_reticule, uniq_robin
D:5:      layout_cave_pods, uniq_eustachio
D:6:      layout_cave_pools, nicolae_qazlal_scattered_showers
D:7:      layout_loops_corners, kennysheep_mini,
          minmay_temple_entry_drinking_statues
D:8:      layout_cave_pools
D:9:      minmay_the_grid_square_5x5_4x4 [minmay_the_grid_square_5x5_empty,
          minmay_the_grid_square_5x5_hollow_slash,
          minmay_the_grid_square_5x5_one_wall,
          minmay_the_grid_square_5x5_misaligned, minmay_the_grid_square_5x5_v,
          minmay_the_grid_square_5x5_prize_rear_guard,
          minmay_the_grid_square_5x5_prize_itemx,
          minmay_the_grid_square_5x5_two_small, minmay_the_grid_square_5x5_comb,
          minmay_the_grid_square_5x5_prize_junk,
          minmay_the_grid_square_5x5_prize_deathbox,
          minmay_the_grid_square_5x5_mess, minmay_the_grid_square_5x5_n_small,
          minmay_the_grid_square_5x5_three_walls,
          minmay_the_grid_square_5x5_inset,
          minmay_the_grid_square_5x5_doubleslash], layout_cave_pods,
          kennysheep_little_box, lair_entry_dummy, serial_shops,
          nicolae_shop_hallway_plus, st_stairs_9
Temple:   cyrus_circular_temple

Skill      XL: |  1  2  3  4  5  6  7  8  9 10 11 |
---------------+----------------------------------+-----
Short Blades   | 2 3 4 5 6 7 9 |  9.7
Fighting       | 1 2 3 4 5 |  5.5
Throwing       | 1 2 3 4 5 |  5.0
Dodging        | 3 4 5 6 |  6.6
Ice Magic      | 1 2 3 4 |  4.8
Stealth        | 5 6 7 8 |  8.4
Spellcasting   | 3 4 5 |  5.5
Hexes          | 4 5 6 |  6.0
Evocations     | 2 4 |  4.5
Invocations    | 1 3 |  3.2

Action                   |  1- 3 |  4- 6 |  7- 9 | 10-12 || total
-------------------------+-------+-------+-------+-------++-------
Melee: Dagger            |    83 |   164 |   341 |   150 ||   738
       Punch             |     1 |     2 |     1 |       ||     4
Throw: Dart              |       |       |     2 |       ||     2
 Cast: Ensorcelled Hiber |       |    17 |    33 |    11 ||    61
       Confusing Touch   |       |       |     7 |    10 ||    17
  Use: Scroll            |       |     7 |       |     6 ||    13
 Stab: Sleeping          |    18 |    15 |    28 |    19 ||    80
       Confused          |       |       |     9 |     8 ||    17
       Paralysed         |       |       |     2 |     1 ||     3
Armor: Robe              |    15 |     5 |       |       ||    20
       Leather armour    |       |    55 |    90 |    25 ||   170
Dodge: Dodged            |    38 |   121 |   235 |    72 ||   466

Table legend: (Time is in decaauts)
 A = Elapsed time spent in this place.
 B = Non-inter-level travel time spent in this place.
 C = Inter-level travel time spent in this place.
 D = Time resting spent in this place.
 E = Time spent auto-exploring this place.
 F = Levels seen in this place.
 G = Mean time per level.
                   A        B        C        D        E       F      G
               +--------+--------+--------+--------+--------+-----+--------+
         Total |   9494 |   8941 |    553 |   1000 |   6174 |  10 |  949.4 |
       Dungeon |   9375 |   8829 |    546 |   1000 |   6126 |   9 | 1041.7 |
        Temple |    118 |    111 |      7 |      0 |     48 |   1 |  118.0 |
               +--------+--------+--------+--------+--------+-----+--------+

Top non-repeatable levels by time:
     D:3: 1516 daAuts
     D:7: 1259 daAuts
     D:2: 1228 daAuts
     D:5: 1226 daAuts
     D:1: 1150 daAuts
     D:4: 1100 daAuts
     D:8: 847 daAuts
     D:6: 811 daAuts
     D:9: 235 daAuts
  Temple: 118 daAuts
